 Dungeon Crawl Stone Soup version 0.27.1-35-g4d5d836560 (webtiles) character file.

Game seed: 8737175806567614963

1939 Delamore the Thrower (level 9, -4/61 HPs)
             Began as an Octopode Brigand on June 10, 2022.
             Killed by divine providence
             ... invoked by an orc priest
              (14 damage)
             ... on level 7 of the Dungeon.
             The game lasted 00:06:39 (5888 turns).

Delamore the Thrower (Octopode Brigand)             Turns: 5888, Time: 00:06:40

Health: -4/61      AC:  3    Str: 10    XL:     9   Next: 18%
Magic:  18/18      EV: 16    Int: 13    God:
Gold:   286        SH:  0    Dex: 23    Spells: 8/8 levels left

rFire    + + .     SeeInvis +   k - +1 dagger (venom)
rCold    . . .     Faith    .   (no shield)
rNeg     . . .     Spirit   .   (helmet restricted)
rPois    .         Reflect  .   (no amulet)
rElec    .         Harm     .   h - +6 ring of dexterity
rCorr    .         Rampage  .   i - ring of magical power
Will     .....                  l - ring of flight
Stlth    ++++......             A - ring of see invisible
HPRegen  0.20/turn              (no ring)
MPRegen  0.16/turn              (no ring)
                                (no ring)
                                (no ring)

@: flying, very slightly contaminated
A: almost no armour, amphibious, 8 rings, camouflage 1, gelatinous body 1,
(nimble swimmer 1), tentacles, iridescent scales 1, fire resistance 2
a: no special abilities


You were on level 7 of the Dungeon.
You visited 2 branches of the dungeon, and saw 8 of its levels.

You collected 286 gold pieces.

Inventory:

Hand Weapons
 a - a +2 dagger
 k - a +1 dagger of venom (weapon)
 s - a +2 vorpal flail
 v - a +2 short sword of distortion
 y - a +0 dagger of freezing
Missiles
 b - 22 poisoned darts (quivered)
 u - 147 stones
Jewellery
 h - a +6 ring of dexterity (left tentacle)
 i - a ring of magical power (right tentacle)
 l - a ring of flight (on tentacle)
 A - a ring of see invisible (on tentacle)
Wands
 z - a wand of iceblast (5)
Scrolls
 e - 2 scrolls of amnesia
 o - 2 scrolls of teleportation
 p - a scroll of noise {unknown}
 t - a scroll of magic mapping
 x - a scroll of vulnerability {unknown}
Potions
 r - a potion of attraction {unknown}
 w - a potion of flight {unknown}


   Skills:
 - Level 5.0 Fighting
 - Level 2.0 Short Blades
 + Level 9.7 Throwing
 - Level 5.0 Dodging
 - Level 5.3 Stealth


You had 8 spell levels left.
You didn't know any spells.
Your spell library contained the following spells:

 Spells                   Type           Power      Damage    Failure   Level
 Static Discharge         Conj/Air       0%         N/A       43%         2
 Dispel Undead            Necr           0%         3d6       97%         4
 Sticky Flame             Conj/Fire      0%         2d3       97%         4
 Conjure Ball Lightning   Conj/Air       0%         3x3d6     100%        6
 Discord                  Hex            0%         N/A       100%        8
 Disjunction              Tloc           0%         N/A       100%        8


Dungeon Overview and Level Annotations

Branches:
Dungeon (7/15)             Temple (1/1) D:5

Altars:
Ashenzari
Dithmenos
Elyvilon
Fedhas
Hepliaklqana
Kikubaaqudgha
Nemelex Xobeh
Okawaru
Qazlal
Ru
Sif Muna
Uskayaw
Vehumet
Wu Jian
Xom
Yredelemnul
The Shining One

Shops:
D:1 :   D:2 (


Innate Abilities, Weirdness & Mutations

You cannot wear most types of armour.
You are amphibious.
You can wear up to eight rings at the same time.
Your skin changes colour to match your surroundings (Stealth+).
Your rubbery body absorbs attacks. (AC +1, EV +1)
((You are camouflaged near water. (Stealth+)))
You have tentacles for arms and can constrict up to eight enemies at once.
You are partially covered in iridescent scales. (AC +2)
Your flesh is very heat resistant. (rF++)


Message History

Found 25 arrows.
Throw: 23 darts (poison)
Press: ? - help, Q - select action, (/) - cycle Shift-Dir - straight line, f/p - orc warrior
Aim: an orc warrior, wielding a +0 halberd and wearing a +0 chain mail (heavily wounded, poisoned, slow, 66% to hit)
You throw a poisoned dart. The poisoned dart hits the orc warrior.
The orc warrior looks even sicker.
The orc warrior is heavily wounded.
Aiming: Iceblast
Press: ? - help, Shift-Dir - straight line, f/p - orc warrior
Aim: an orc warrior, wielding a +0 halberd and wearing a +0 chain mail (heavily wounded, very poisoned, slow)
The mass of ice explodes!
The iceblast engulfs the orc warrior!
You kill the orc warrior!
You hear an angry hiss.
An iguana comes into view.
Aiming: Iceblast
Press: ? - help, Shift-Dir - straight line, f - iguana
Aim: an iguana The mass of ice explodes!
The iceblast engulfs the iguana.
The iguana is moderately wounded.
You hear a shout!
The iguana hisses menacingly.
Aiming: Iceblast
Press: ? - help, Shift-Dir - straight line, f/p - iguana
Aim: an iguana (moderately wounded)
The mass of ice explodes!
The iceblast engulfs the iguana.
The iguana is heavily wounded.
You are no longer corroded.
An orc priest comes into view. It is wielding a +0 club.
An orc priest comes into view. It is wielding a +0 dagger.
An orc priest comes into view. It is wielding a +0 trident.
The orc priest casts a cantrip, but nothing happens.
The orc priest mumbles some strange prayers to Beogh against you.
Pain shoots through your body!
* * * LOW HITPOINT WARNING * * *
An orc priest comes into view. It is wielding a +0 short sword.
Found a stone staircase leading down.
There is a stone staircase leading down here.
The orc priest invokes the aid of Beogh against you.
Beogh smites you!
You die...

*,,***,****,* ***,,,* *,,* *,*
*,* *,,,,,, *,,* *,* *,* *,,,,,,
*,,* #,* *,*******,,,,,,
*********,,**#.* *,,,,,,,,,,,,,*
,,,,,,,>,,,,,,.###***********,,,*
,***,,,,,,,,,,,..# ***,* ,*
*,****,,****#.# *,* ,* *,* *,,*
#@# *,* ,* *,****,,****#l# *,* ,*
*,,,,.....,,#.# *,*
,***,,**#...#*,#.## ****,*
,,**,,**##..##..#o## *,,,,*
,,,,,,,,...o##.###.## *,****
,,**,,**##....## ##o# *,*
,***,,,,,......###.## *,*
,***#.#####.##..#..# *,*


You could see an iguana and an orc priest.

Vanquished Creatures
  Menkaure (D:5)
  Edmund (D:5)
  2 ice beasts
  An orc warrior (D:7)
  An ogre (D:5)
  9 scorpions
  A howler monkey (D:4)
  3 orc priests
  4 jellies
  4 hounds
  A bullfrog skeleton (D:4)
  4 iguanas
  5 orc wizards
  A howler monkey zombie (D:6)
  9 adders
  A white imp (D:6)
  An adder skeleton (D:5)
  2 worms (D:2)
  3 dart slugs
  14 orcs
  5 ball pythons
  4 endoplasms
  2 giant cockroaches
  3 goblins
  10 hobgoblins
  3 jackals (D:4)
  5 kobolds
  2 quokkas (D:1)
  5 bats
  5 frilled lizards
  4 rats
116 creatures vanquished.

Notes
Turn   | Place    | Note
-------+----------+-------------------------------------------
     0 | D:1      | Delamore the Octopode Brigand began the quest for the Orb.
     0 | D:1      | Reached XP level 1. HP: 14/14 MP: 1/1
    77 | D:1      | Found Qabbuumm's Book Shoppe.
   153 | D:1      | Reached XP level 2. HP: 19/19 MP: 2/2
   706 | D:2      | Found Nudousalal's Antique Weapon Shop.
   714 | D:2      | Reached XP level 3. HP: 25/25 MP: 3/3
  1252 | D:3      | Reached skill level 3 in Throwing
  1252 | D:3      | Reached XP level 4. HP: 23/31 MP: 4/4
  1390 | D:3      | Reached XP level 5. HP: 10/36 MP: 5/5
  2678 | D:4      | Reached XP level 6. HP: 35/43 MP: 6/6
  2860 | D:4      | Reached skill level 4 in Throwing
  3198 | D:4      | Reached XP level 7. HP: 40/49 MP: 7/7
  3400 | D:4      | Found a white marble altar of Elyvilon.
  3564 | D:5      | Entered Level 5 of the Dungeon
  3618 | D:5      | Found a staircase to the Ecumenical Temple.
  3627 | Temple   | Entered the Ecumenical Temple
  3913 | D:5      | Noticed Edmund
  3925 | D:5      | Killed Edmund
  3926 | D:5      | Reached skill level 5 in Fighting
  3926 | D:5      | Reached skill level 5 in Throwing
  4116 | D:5      | Reached skill level 5 in Dodging
  4125 | D:5      | Reached skill level 6 in Throwing
  4125 | D:5      | Reached XP level 8. HP: 8/55 MP: 8/8
  4534 | D:5      | Reached skill level 7 in Throwing
  4551 | D:5      | Noticed Menkaure
  4577 | D:5      | Killed Menkaure
  4960 | D:5      | Reached skill level 8 in Throwing
  5210 | D:6      | Found a shimmering blue altar of Sif Muna.
  5236 | D:6      | Found a broken altar of Ashenzari.
  5406 | D:6      | Reached skill level 9 in Throwing
  5406 | D:6      | Reached XP level 9. HP: 61/61 MP: 9/9
  5812 | D:7      | HP: 4/91 [hound (2)]
  5815 | D:7      | Gained mutation: You are partially covered in iridescent
                  | scales. (AC +2) [potion of mutation]
  5815 | D:7      | Gained mutation: Your flesh is heat resistant. (rF+)
                  | [potion of mutation]
  5815 | D:7      | Gained mutation: Your flesh is very heat resistant. (rF++)
                  | [potion of mutation]
  5888 | D:7      | Killed from afar by an orc priest

Illustrated notes

Levels and vault maps discovered:
D:1:      lightli_molten_gateway, layout_rooms, serial_shops, shop
D:2:      layout_basic, serial_shops, shop, minmay_octomino_c4
D:3:      layout_loops_ring, nicolae_underground_beach
D:4:      layout_cave_pods, lemuel_doored_altar
D:5:      layout_rooms, minmay_temple_entry_glass, minmay_misc_feat_cross,
          uniq_edmund, uniq_menkaure
D:6:      layout_loops_corners, kennysheep_little_box, lemuel_tele_altar,
          enter_ossuary_1
D:7:      layout_loops_ring, hangedman_misty_isle
Temple:   eino_narrow_crystal_temple

Skill      XL: |  1  2  3  4  5  6  7  8 |
---------------+-------------------------+-----
Dodging        | 2 3 4 5 |  5.0
Fighting       | 3 4 5 |  5.0
Throwing       | 3 4 6 9 |  9.7
Short Blades   | |  2.0
Stealth        | |  5.3

Action                   |  1- 3 |  4- 6 |  7- 9 || total
-------------------------+-------+-------+-------++-------
Melee: Dagger            |    39 |    92 |   147 ||   278
       Constrict         |     6 |    23 |    21 ||    50
       Tentacles         |     6 |    17 |    34 ||    57
Throw: Dart              |     7 |     1 |    11 ||    19
Evoke: Wand              |       |       |     4 ||     4
  Use: Scroll            |     2 |       |     2 ||     4
       Potion            |       |     1 |     7 ||     8
 Stab: Sleeping          |    17 |    14 |    12 ||    43
       Distracted        |       |     1 |       ||     1
Armor: Skin              |     2 |     1 |    50 ||    53
Dodge: Dodged            |    13 |    48 |    70 ||   131
